Get step-by-step instructions on how to execute this build order below. Start the game timer, and the build order will tick by so you can play in parallel with StarCraft on a second screen or mobile device.

Game Time

  0:00

Last Step

  N/A

Next Step

  12  0:00  Drone  

Upcoming Step

  13  0:12  Overlord  

Don't want to look back and forth between 2 screens? Try out our Overwolf App, the Spawning Tool Build Advisor to get an in-game overlay with this build!

Complete Build Order

  12  0:00  Drone  
  13  0:12  Overlord  
  13  0:19  Drone  
  14  0:31  Drone x2  
  14  0:35  Drone  
  17  0:56  Hatchery  
  16  0:58  Drone  
  16  1:02  Drone  
  18  1:11  Extractor  
  18  1:15  Spawning Pool  
  18  1:17  Drone  
  17  1:22  Drone  
  18  1:28  Drone  
  19  1:41  Overlord  
  19  1:52  Drone  
  20  2:02  Queen  
  20  2:03  Zergling x2  
  23  2:10  Zergling x2  
  23  2:11  Queen  
  23  2:15  Metabolic Boost  
  26  2:25  Drone x2  
  28  2:41  Hatchery  
  28  2:43  Drone x3  
  30  2:51  Queen  
  32  2:57  Drone x3  
  35  3:15  Overlord  
  35  3:19  Queen, Extractor  
  37  3:33  Queen  
  39  3:36  Drone x3  
  42  3:43  Overlord  
  42  3:49  Drone x2  
  42  3:52  Overlord  
  42  3:54  Queen  
  46  3:58  Drone x4  
  46  4:01  Queen  
  52  4:04  Spore Crawler  
  52  4:07  Drone x2  
  53  4:11  Spore Crawler  
  52  4:24  Spore Crawler, Overlord x3  
  51  4:25  Drone x2  
  51  4:28  Lair  
  51  4:30  Drone  
  54  4:32  Drone  
  55  4:42  Overlord x2  
  55  4:43  Baneling Nest  
  54  4:52  Overlord  
  54  4:53  Overlord  
  54  4:55  Zergling x10  
  59  5:04  Zergling x10  
  59  5:05  Zergling x2  
  65  5:22  Overlord x3  
  65  5:29  Baneling x4  
  65  5:30  Baneling  
  65  5:34  Drone x5  
  65  5:35  Drone x6  
  76  5:48  Drone x3  
  76  5:49  Drone  
  80  5:53  Overlord  
  80  6:00  Extractor  
  80  6:01  Extractor  
  78  6:05  Baneling x3  
  78  6:07  Zergling x2  
  78  6:08  Zergling x14  
  86  6:12  Hatchery  
  85  6:19  Overlord  
  85  6:20  Overlord x2  
  85  6:23  Extractor  
  83  6:44  Drone x3  
  83  6:45  Drone x9  
  95  6:54  Centrifical Hooks  
  95  6:57  Drone x4  
  95  6:58  Evolution Chamber x2  
  96  7:04  Overlord  
  96  7:06  Overlord  
  96  7:07  Drone  
  96  7:08  Drone x4  
  101  7:25  Zerg Ground Armor Level 1  
  101  7:27  Zerg Melee Weapons Level 1, Infestation Pit  
  101  7:28  Drone x3  
  101  7:29  Drone x2  
  105  7:30  Extractor  
  105  7:31  Drone x2  
  105  7:32  Drone  
  105  7:33  Extractor  
  105  7:34  Overlord x2  
  106  7:48  Queen  
  108  7:53  Drone x2  
  108  7:55  Zergling x6  
  108  7:56  Zergling x10  
  118  8:02  Drone x2  
  118  8:03  Drone x6  
  126  8:07  Hatchery  
  117  8:20  Hive  
  117  8:28  Zergling x20  
  117  8:29  Zergling x2  
  117  8:30  Hatchery  
  117  8:31  Hatchery  
  122  8:57  Overlord  
  122  9:01  Zergling x2  
  123  9:03  Zergling x2  
  123  9:04  Zergling x20  
  123  9:05  Zergling x10  
  137  9:12  Baneling x5  
  137  9:13  Baneling x5  
  137  9:16  Zergling x2  
  137  9:17  Zergling x6  
  137  9:18  Baneling  
  136  9:24  Zergling x2  
  136  9:25  Zergling x6  
  134  9:32  Baneling x6  
  134  9:33  Baneling x3  
  134  9:43  Ultralisk Cavern  
  134  9:44  Zergling x2  
  134  9:45  Zergling x22  
  144  9:50  Baneling  
  144  9:51  Baneling x10